AoeStats
← Vector

Arena

510803117Analyzed
4v4 RM · 22h ago on Oct 2, 2026· 52m 37s· 8 players
Game mode
Random Map
Map size
Large (8 player)
Population
200
Speed
Normal
Resources
Standard
Victory
Conquest
Starting age
Dark Age
Ending age
Imperial Age
RankedLock teamsTeams togetherTeam positionsShared explorationLock speedFull tech treeHidden civsTurbo modeCheats
Victory
Defeat
🇷🇺 Cumans · Russia
1323
+12
🇷🇺 Burgundians · Russia
1241
+16
🇷🇺 Bengalis · Russia
1175
+18
🇷🇺 Mongols · Russia
1084
+23
🇺🇸 Hindustanis · United States
1248
-18
🇮🇳 Bulgarians · India
1242
-18
🇹🇼 Varangians · Taiwan
1218
-17
🇧🇷 Bohemians · Brazil
1209
-16
sj
10:14 Feudal Age
14:03 Castle Age
12:26 Double-Bit Axe
12:22 Horse Collar
15:14 Bow Saw
15:08 Heavy Plow
19:55 Wheelbarrow
29:35 Imperial Age
28:07 Bloodlines
27:57 Husbandry
28:52 Scale Barding Armor
28:57 Forging
28:50 Loom
29:21 Hand Cart
30:01 Chain Barding Armor
31:04 Iron Casting
31:12 Town Watch
31:06 Heavy Camel Rider
33:35 Ballistics
34:17 Chemistry
32:55 Elite Skirmisher
34:15 Caravan
34:31 Thumb Ring
34:56 Padded Archer Armor
34:46 Fletching
35:57 Blast Furnace
35:09 Scale Mail Armor
35:47 Plate Barding Armor
36:22 Coinage
36:19 Bodkin Arrow
36:40 Leather Archer Armor
37:16 Bracer
38:00 Banking
38:33 Ring Archer Armor
41:09 Grand Trunk Road
42:36 Conscription
Komo Kazada
10:01 Feudal Age
14:34 Castle Age
12:34 Horse Collar
12:58 Double-Bit Axe
15:38 Bow Saw
15:34 Heavy Plow
23:16 Wheelbarrow
23:29 Fervor
25:41 Hand Cart
28:56 Imperial Age
27:45 Sanctity
27:12 Loom
28:22 Scale Mail Armor
28:32 Forging
29:40 Chemistry
28:49 Pikeman
29:43 Fletching
30:29 Iron Casting
30:10 Chain Mail Armor
30:01 Squires
29:46 Arson
30:35 Houfnice
32:15 Conscription
32:04 Halberdier
36:16 Plate Mail Armor
36:46 Blast Furnace
37:28 Wagenburg Tactics
38:49 Padded Archer Armor
39:42 Leather Archer Armor
44:55 Caravan
44:22 Elite Skirmisher
Vector
0:36 Loom
11:21 Feudal Age
12:14 Double-Bit Axe
17:44 Castle Age
16:44 Forging
17:14 Arson
17:37 Scale Mail Armor
18:28 Horse Collar
18:39 Gambesons
19:50 Squires
21:57 Chain Mail Armor
23:56 Iron Casting
23:43 Pikeman
31:51 Wheelbarrow
31:22 Heavy Plow
32:33 Gold Mining
32:35 Stone Mining
35:44 Fletching
35:55 Padded Archer Armor
35:57 Elite Skirmisher
36:44 Thumb Ring
36:42 Bodkin Arrow
37:03 Leather Archer Armor
38:18 Ballistics
43:30 Imperial Age
43:48 Halberdier
44:32 Bagains
45:17 Conscription
45:35 Bracer
47:10 Plate Mail Armor
49:21 Blast Furnace
50:05 Hand Cart
Gamer
10:05 Feudal Age
10:17 Feudal Age
10:58 Loom
14:22 Castle Age
12:56 Double-Bit Axe
14:02 Horse Collar
36:30 Bow Saw
38:57 Wheelbarrow
42:25 Hand Cart
45:26 Imperial Age
43:22 Pikeman
46:57 Squires
48:23 Scale Mail Armor
49:41 Forging
HAKAKAHO
3:29 Double-Bit Axe
9:07 Feudal Age
10:04 Horse Collar
14:37 Scale Mail Armor
15:45 Bow Saw
17:23 Forging
21:41 Castle Age
20:41 Wheelbarrow
20:12 Heavy Plow
22:09 Gold Mining
24:05 Hand Cart
28:54 Imperial Age
30:39 Chemistry
30:59 Padded Archer Armor
31:29 Squires
31:57 Chain Mail Armor
33:54 Treadmill Crane
35:50 Town Watch
35:51 Loom
37:05 Gold Shaft Mining
37:09 Plate Mail Armor
40:30 Leather Archer Armor
44:15 Pikeman
48:15 Iron Casting
52:09 Blast Furnace
52:53 Scale Barding Armor
53:20 Burgundian Vineyards
WAnds | Andrey
11:46 Feudal Age
12:39 Double-Bit Axe
15:22 Castle Age
13:16 Horse Collar
16:22 Wheelbarrow
16:52 Bow Saw
16:52 Heavy Plow
28:40 Imperial Age
26:05 Light Cavalry
27:20 Bloodlines
27:11 Husbandry
27:25 Forging
27:20 Scale Barding Armor
27:27 Gold Mining
27:28 Stone Mining
28:00 Hand Cart
27:32 Town Watch
27:33 Loom
27:51 Padded Archer Armor
27:42 Fletching
27:52 Padded Archer Armor
28:51 Thumb Ring
29:43 Elite Mangudai
31:07 Iron Casting
31:41 Conscription
30:56 Hussar
33:02 Drill
34:00 Crossbowman
35:12 Bodkin Arrow
35:32 Leather Archer Armor
35:17 Elite Skirmisher
36:14 Bracer
37:14 Blast Furnace
39:08 Chemistry
44:58 Scale Mail Armor
45:21 Ballistics
45:12 Masonry
WAnds | danila90r
8:49 Feudal Age
10:02 Double-Bit Axe
20:55 Wheelbarrow
25:36 Castle Age
25:45 Castle Age
26:49 Bow Saw
29:34 Imperial Age
27:23 Hand Cart
27:47 Horse Collar
29:40 Gold Mining
30:12 Scale Barding Armor
30:18 Forging
31:37 Two-Man Saw
30:56 Bloodlines
30:14 Cavalier
31:03 Heavy Plow
32:53 Crop Rotation
34:50 Chain Barding Armor
34:47 Town Watch
34:47 Loom
35:47 Iron Casting
36:16 Gold Shaft Mining
36:03 Paladin
38:06 Plate Barding Armor
39:56 Blast Furnace
39:34 Coinage
40:24 Conscription
40:45 Banking
42:44 Fletching
42:54 Padded Archer Armor
43:26 Light Cavalry
44:09 Hussar
Mr.Colt
11:11 Feudal Age
15:25 Castle Age
13:39 Double-Bit Axe
14:16 Horse Collar
16:45 Bow Saw
17:04 Heavy Plow
28:40 Loom
35:15 Fletching
35:25 Padded Archer Armor
40:23 Bodkin Arrow
40:43 Leather Archer Armor
41:39 Ballistics
45:20 Man-at-Arms
46:00 Squires
Connection lost

Rejoining the realm…

Still unreachable

The connection could not be restored.

Session expired

The server has moved on; the page needs a fresh start.